 Dungeon Crawl Stone Soup version 0.29-a0-598-gd8304a5bf4 (webtiles) character file.

Game seed: 3538154729595603345

238 Vylera the Cudgeller (level 6, -1/38 HPs)
             Began as an Octopode Wanderer on June 16, 2022.
             Was a Follower of the Shining One.
             Slain by an orc
             ... wielding a +1 flail of venom
              (9 damage)
             ... on level 3 of the Dungeon.
             The game lasted 00:07:42 (4275 turns).

Vylera the Cudgeller (Octopode Wanderer)            Turns: 4275, Time: 00:07:43

Health: -1/38      AC:  1    Str: 11    XL:     6   Next: 7%
Magic:  9/9        EV: 12    Int: 14    God:    the Shining One [*.....]
Gold:   236        SH:  0    Dex: 14    Spells: 8/9 levels left

rFire   . . .      SeeInvis .   a - +2 mace
rCold   . . .      Faith    .   (no shield)
rNeg    . . .      Spirit   .   (helmet restricted)
rPois   .          Reflect  .   (no amulet)
rElec   .          Harm     .   (no ring)
rCorr   .          Rampage  .   (no ring)
Will    .....                   (no ring)
Stlth   +.........              (no ring)
HPRegen 0.12/turn               (no ring)
MPRegen 0.11/turn               (no ring)
                                (no ring)
                                (no ring)

@: lethally poisoned (-1 -> -4), glowing
A: almost no armour, amphibious, 8 rings, camouflage 1, gelatinous body 1,
(nimble swimmer 1), tentacles
a: Renounce Religion, Divine Shield


You were on level 3 of the Dungeon.
You worshipped the Shining One.
The Shining One was aware of your devotion.
You visited 1 branch of the dungeon, and saw 4 of its levels.

You collected 236 gold pieces.

Inventory:

Hand Weapons
 a - a +2 mace (weapon)
Magical Staves
 n - a staff of poison
Jewellery
 o - an amulet of guardian spirit
Wands
 b - a wand of polymorph (4)
 q - a wand of paralysis (11)
Scrolls
 d - a scroll of brand weapon {unknown}
 e - 5 scrolls of identify {unknown}
 f - 2 scrolls of fog {unknown}
 g - 2 scrolls of teleportation {unknown}
 p - a scroll of magic mapping {unknown}
 r - a scroll of poison {unknown}
Potions
 c - a potion of curing
 h - a potion of heal wounds {unknown}
 i - a potion of mutation {unknown}
 j - 4 potions of flight {unknown}
 k - a potion of invisibility {unknown}
 l - a potion of magic {unknown}
 m - 2 potions of might {unknown}


   Skills:
 - Level 1.0 Fighting
 * Level 5.0 Maces & Flails
 - Level 0.2 Dodging
 - Level 0.4 Stealth
 - Level 2.0 Spellcasting
 * Level 3.4 Summonings
 + Level 2.1 Invocations
 - Level 3.2 Evocations


You had 8 spell levels left.
You knew the following spells:

 Your Spells              Type           Power      Damage    Failure   Level
a - Summon Small Mammal   Summ           44%        N/A       6%          1

Your spell library contained the following spells:

 Spells                   Type           Power      Damage    Failure   Level
 Summon Guardian Golem    Hex/Summ       6%         N/A       34%         3
 Fireball                 Conj/Fire      0%         3d3       100%        5
 Starburst                Conj/Fire      0%         6d3       100%        6
 Ignition                 Fire           0%         3d3       100%        8


Dungeon Overview and Level Annotations

Branches:
Dungeon (4/15)
 Temple: D:4-7

Altars:
Elyvilon
The Shining One

Shops:
D:4 [


Innate Abilities, Weirdness & Mutations

You cannot wear most types of armour.
You are amphibious.
You can wear up to eight rings at the same time.
Your skin changes colour to match your surroundings (Stealth+).
Your rubbery body absorbs attacks. (AC +1, EV +1)
((You are camouflaged when in or above water. (Stealth+)))
You have tentacles for arms and can constrict up to eight enemies at once.


Message History

You start resting.
Your divine shield fades away.
Unknown command.
You start resting.
HP restored.
There is a stone staircase leading down here.
You climb downwards.
The orc priest calls down the wrath of Beogh upon you.
Beogh smites you!
The orc hits you with a +1 flail of venom.
You are poisoned.
The orc hits you with a +0 war axe.
There is a stone staircase leading up here.
You feel very sick.
The orc hits you with a +1 flail of venom.
You are lethally poisoned!
The orc barely misses you.
You climb upwards.
You feel very sick.
There is a stone staircase leading down here.
The orc attacks as you move away!
The orc hits you with a +1 flail of venom.
* * * LOW HITPOINT WARNING * * *
You are more poisoned.
* * * LOW HITPOINT WARNING * * *
You feel very sick.
The orc throws a boomerang.
The boomerang closely misses you.
You feel better.
The orc hits you with a +1 flail of venom.
You are poisoned.
Unknown command.
The orc attacks as you move away! The orc barely misses you.
You feel sick.
You barely miss the orc. You grab the orc. You constrict the orc.
You feel sick.
The orc struggles to escape constriction.
You hit the orc.
You kill the orc!
You feel sick.
The orc hits you with a +1 flail of venom!
You die...

#..............#.............#.#.
############......####.......#.##
.............#.#..#####.#####..#
######.#####...#....# #.#.....##
# #.......#.#..### #.#.##### #
#########.#..# #.#.#..# # #
#......[(.#..#####.#....# # #
#.######..#........###.##### #
#.#.#.#<..o@.####### #...... #
#...#.##.>##.#....## ##..... #
###.#.###..........# #......
#.....'..........# #......
#.#.###.....[....# #......
#.#.##.....#'##..###......
##########.##.###.#.##...##......
...........##.# ########.#####...
#############.# #.# #...


You could see an orc.

Vanquished Creatures
  The ghost of samgaumpmail the Sneak, an amateur SpEn (D:3)
  Jessica (D:3)
  Terence (D:3)
  6 adders
  2 worms
  A dart slug (D:3)
  4 orcs
  6 bats
  6 endoplasms
  4 giant cockroaches
  6 goblins
  8 hobgoblins
  3 kobolds (D:3)
  2 quokkas
  4 ball pythons (D:1)
  A frilled lizard (D:3)
  4 rats
60 creatures vanquished.

Vanquished Creatures (others)
  2 withered plants (D:3)
2 creatures vanquished.

Grand Total: 62 creatures vanquished

Notes
Turn   | Place    | Note
-------+----------+-------------------------------------------
     0 | D:1      | Vylera the Octopode Wanderer began the quest for the Orb.
     0 | D:1      | Vylera set off with the following items: a +2 mace, a wand
                  | of polymorph (4), a potion of curing; and the following
                  | spell memorised: Summon Small Mammal; and the following
                  | spells available to memorise: Summon Guardian Golem.
     0 | D:1      | Reached XP level 1. HP: 13/13 MP: 3/3
   138 | D:1      | Reached XP level 2. HP: 13/18 MP: 5/5
   707 | D:1      | Found a faded altar of an unknown god.
   717 | D:1      | Prayed at the altar of an unknown god.
   717 | D:1      | Became a worshipper of the Shining One
   717 | D:1      | Reached * piety under the Shining One
  1073 | D:2      | Reached XP level 3. HP: 23/23 MP: 6/6
  1551 | D:2      | Reached skill level 4 in Maces & Flails
  2112 | D:3      | Reached skill level 1 in Invocations
  2112 | D:3      | Reached XP level 4. HP: 28/28 MP: 7/7
  2175 | D:3      | Found a runed translucent door.
  2175 | D:3      | Noticed samgaumpmail's ghost (amateur SpEn)
  2415 | D:3      | Noticed Jessica
  2420 | D:3      | Killed Jessica
  2566 | D:3      | Found a white marble altar of Elyvilon.
  2648 | D:3      | Noticed Terence
  2651 | D:3      | Reached XP level 5. HP: 29/33 MP: 8/8
  2655 | D:3      | Killed Terence
  3613 | D:3      | Killed samgaumpmail's ghost
  3614 | D:3      | Reached XP level 6. HP: 10/38 MP: 7/9
  3869 | D:4      | Found Egapoceps's Armour Shoppe.
  4015 | D:3      | Reached skill level 5 in Maces & Flails
  4275 | D:3      | Slain by an orc

Illustrated notes

Levels and vault maps discovered:
D:1:      minmay_arrival_five_plusses, layout_basic, basic_ecumenical_altar
D:2:      wad_crossroads, layout_basic
D:3:      layout_basic, mainiacjoe_overflow_catwalk, serial_co_window_serial,
          co_window_paths_a, co_window_of_opportunity_a, co_window_paths_a,
          co_window_paths_a, co_window_paths_a, co_window_broadway_a,
          co_window_2corner, co_window_corner_cb, co_window_4corner_b,
          co_window_4corner_a, glass_columns_c, gammafunk_ghost_grave,
          uniq_jessica, uniq_terence
D:4:      kennysheep_big_flooded_room, layout_basic, temple_doors_e,
          serial_shops, shop

Skill      XL: |  1  2  3  4  5  6 |
---------------+-------------------+-----
Maces & Flails | 4 5 |  5.0
Summonings     | 2 3 |  3.4
Invocations    | 1 2 |  2.1
Fighting       | |  1.0
Dodging        | |  0.2
Stealth        | |  0.4
Spellcasting   | |  2.0
Evocations     | |  3.2

Action                   |  1- 3 |  4- 6 || total
-------------------------+-------+-------++-------
Melee: Whip              |    27 |       ||    27
       Mace              |    35 |    59 ||    94
       Constrict         |    20 |    18 ||    38
       Tentacles         |    14 |     7 ||    21
       Punch             |       |     1 ||     1
 Cast: Summon Small Mamm |       |     2 ||     2
Invok: Divine Shield     |       |     1 ||     1
  Use: Potion            |       |     1 ||     1
 Stab: Sleeping          |     3 |       ||     3
Armor: Skin              |     9 |     2 ||    11
Dodge: Dodged            |    37 |    26 ||    63
Block: Other             |       |     4 ||     4

Table legend: (Time is in decaauts)
 A = Elapsed time spent in this place.
 B = Non-inter-level travel time spent in this place.
 C = Inter-level travel time spent in this place.
 D = Time resting spent in this place.
 E = Time spent auto-exploring this place.
 F = Levels seen in this place.
 G = Mean time per level.
                   A        B        C        D        E       F      G
               +--------+--------+--------+--------+--------+-----+--------+
         Total |   4290 |   4196 |     94 |    293 |   3462 |   4 | 1072.5 |
       Dungeon |   4290 |   4196 |     94 |    293 |   3462 |   4 | 1072.5 |
               +--------+--------+--------+--------+--------+-----+--------+

Top non-repeatable levels by time:
     D:3: 2090 daAuts
     D:2: 1102 daAuts
     D:1: 955 daAuts
     D:4: 142 daAuts
